 Dungeon Crawl Stone Soup version 0.22.1-1-ga44c0e5 (webtiles) character file.

208 dvd the Skirmisher (level 5, 0/34 HPs)
             Began as a Gargoyle Monk on Oct 17, 2018.
             Was a Believer of Qazlal.
             Slain by an ogre
             ... wielding a +0 giant spiked club
              (14 damage)
             ... on level 4 of the Dungeon.
             The game lasted 00:06:09 (2873 turns).

dvd the Skirmisher (Gargoyle Monk)                  Turns: 2873, Time: 00:06:10

Health: 0/34       AC: 12    Str: 14    XL:     5   Next: 86%
Magic:  5/5        EV:  7    Int: 11    God:    Qazlal [**....]
Gold:   194        SH: 11    Dex: 13    Spells: 4/4 levels left

rFire    . . .     SeeInvis .   a - +0 hand axe
rCold    . . .     Gourm    .   t - +0 shield
rNeg     + . .     Faith    .   f - +0 scale mail (curse)
rPois    ∞         Spirit   .   u - +2 hat
rElec    +         Reflect  .   (no cloak)
rCorr    .         Harm     .   (no gloves)
MR       .....                  (no boots)
Stlth    +.........             (no amulet)
HPRegen  0.11/turn              (no ring)
MPRegen  0.09/turn              (no ring)

@: no status effects
A: negative energy resistance 1, electricity resistance, unbreathing,
petrification resistance, rot immunity, AC +4
a: Upheaval, Renounce Religion


You were on level 4 of the Dungeon.
You worshipped Qazlal.
Qazlal was pleased with you.
You were not hungry.

You visited 1 branch of the dungeon, and saw 4 of its levels.

You collected 194 gold pieces.

Inventory:

Hand Weapons
 a - a +0 hand axe (weapon)
 x - a +1 mace of draining
Missiles
 g - a steel tomahawk (quivered)
Armour
 b - a +0 robe
 f - a cursed +0 scale mail (worn)
 j - a +0 ring mail
 t - a +0 shield (worn)
 u - a +2 hat (worn)
 y - a +0 helmet
Scrolls
 h - 2 scrolls of blinking {unknown}
 k - a scroll of teleportation {unknown}
 l - a scroll of fear {unknown}
 n - 2 scrolls of enchant armour {unknown}
 o - 2 scrolls of fog {unknown}
 p - 2 scrolls of magic mapping {unknown}
 r - 3 scrolls of remove curse {unknown}
 v - a scroll of amnesia {unknown}
 w - a scroll of immolation {unknown}
Potions
 d - a potion of degeneration
 e - a potion of heal wounds
 i - a potion of flight {unknown}
 m - 3 potions of curing {unknown}
 q - 3 potions of magic {unknown}
 s - a potion of might {unknown}
 z - a potion of cancellation {unknown}
Comestibles
 c - 6 rations
 A - 12 chunks of flesh


   Skills:
 + Level 4.6 Fighting
 + Level 3.8 Axes
 + Level 0.8 Throwing
 + Level 1.2 Armour
 + Level 2.8 Dodging
 + Level 2.4 Stealth
 + Level 1.8 Shields
 + Level 0.4 Invocations


You had 4 spell levels left.
You didn't know any spells.
Your spell library was empty.

Dungeon Overview and Level Annotations

Branches:
Dungeon (4/15)
 Temple: D:4-7

Altars:
Cheibriados
Nemelex Xobeh
Qazlal
Sif Muna
Zin


Innate Abilities, Weirdness & Mutations

You are resistant to torment.
Your stone body is resilient. (AC +4)
You are immune to poison.
You resist negative energy. (rN+)
You are resistant to electric shocks. (rElec)
You can survive without breathing.
You are immune to petrification.
You are immune to rotting.


Message History

Press: ? - help, Shift-Dir - straight line, f/p - ogre
Aim: an ogre, wielding a giant spiked club (moderately wounded)
You throw a steel tomahawk.
The steel tomahawk barely misses the ogre.
Throwing (i - inventory)
g - 2 steel tomahawks (quivered)
Press: ? - help, Shift-Dir - straight line, f/p - ogre
Aim: an ogre, wielding a giant spiked club (moderately wounded)
You throw a steel tomahawk.
The steel tomahawk barely misses the ogre.
Your scale mail prevents you from hitting the ogre.
The ogre is moderately wounded.
The ogre hits you with a giant spiked club!!
Ouch! That really hurt!
You hit the ogre.
The ogre is heavily wounded.
The ogre closely misses you.
You hit the ogre.
The ogre is severely wounded.
The ogre hits you with a giant spiked club!
You die...

#....##...........#
#........(...))...#
#........(...))...#
##........######.......
#.........# .......
#........(# .......
#.........# ....O..
#......O..#... .......
#.....@....... .......
#....§........ .......
#..............
#..............
##.....####.... ###...#
#.. #...# . #...#


You could see an ogre.

Vanquished Creatures
  An orc priest (D:4)
  An orc wizard (D:4)
  Ijyb (D:3)
  A hound skeleton (D:4)
  Robin (D:4)
  2 adders (D:3)
  An ooze (D:2)
  A worm (D:2)
  2 dart slugs
  A leopard gecko (D:3)
  7 orcs
  2 giant cockroaches
  15 goblins
  5 hobgoblins
  7 jackals
  6 kobolds
  A ball python (D:1)
  A bat (D:2)
  8 rats
64 creatures vanquished.

Notes
Turn   | Place    | Note
-------+----------+-------------------------------------------
     0 | D:1      | dvd the Gargoyle Monk began the quest for the Orb.
     0 | D:1      | Reached XP level 1. HP: 14/14 MP: 1/1
   288 | D:1      | Reached XP level 2. HP: 19/19 MP: 2/2
   841 | D:2      | Found a deep blue altar of Sif Muna.
   886 | D:2      | Reached XP level 3. HP: 23/23 MP: 3/3
   993 | D:2      | Found a sparkling altar of Nemelex Xobeh.
  1539 | D:3      | Found a glowing silver altar of Zin.
  1691 | D:3      | Noticed Ijyb
  1698 | D:3      | HP: 1/24 [Ijyb/wand of flame (7) (8)]
  1721 | D:3      | HP: 1/24 [Ijyb/club (3)]
  2028 | D:3      | Killed Ijyb
  2028 | D:3      | Reached skill level 1 in Armour
  2028 | D:3      | Reached skill level 1 in Shields
  2028 | D:3      | Reached XP level 4. HP: 29/29 MP: 4/4
  2404 | D:3      | Found a snail-covered altar of Cheibriados.
  2404 | D:3      | Found a stormy altar of Qazlal.
  2411 | D:3      | Became a worshipper of Qazlal Stormbringer
  2411 | D:3      | Reached * piety under Qazlal
  2411 | D:3      | Reached ** piety under Qazlal
  2634 | D:4      | Noticed Robin
  2653 | D:4      | Reached XP level 5. HP: 22/33 MP: 0/5
  2672 | D:4      | Killed Robin
  2838 | D:4      | Reached skill level 4 in Fighting
  2853 | D:4      | Noticed an ogre
  2873 | D:4      | Slain by an ogre

Skill      XL: |  1  2  3  4  5 |
---------------+----------------+-----
Axes           | 3 |  3.8
Armour         | 1 |  1.2
Shields        | 1 |  1.8
Fighting       | 4 |  4.6
Throwing       | |  0.8
Dodging        | |  2.8
Stealth        | |  2.4
Invocations    | |  0.4

Action                   |  1- 3 |  4- 6 || total
-------------------------+-------+-------++-------
Melee: Hand axe          |   143 |   125 ||   268
Throw: Tomahawk          |    19 |     4 ||    23
Invok: Upheaval          |       |     1 ||     1
  Use: Potion            |     2 |       ||     2
 Stab: Sleeping          |     1 |       ||     1
  Eat: Chunk             |     4 |     3 ||     7
Armor: Scale mail        |    71 |    78 ||   149
Dodge: Dodged            |    34 |    54 ||    88
Block: Shield            |    31 |    77 ||   108
